 Dungeon Crawl Stone Soup version 0.29.1-15-g9cfb28693d (webtiles) character file.

Game seed: 3297311889332706304

59 Ast the Shield-Bearer (level 4, 0/35 HPs)
             Began as a Human Fighter on Mar 12, 2023.
             Slain by a worm (3 damage)
             ... on level 3 of the Dungeon.
             The game lasted 00:16:56 (1141 turns).

Ast the Shield-Bearer (Human Fighter)               Turns: 1141, Time: 00:16:56

Health: 0/35       AC:  8    Str: 19    XL:     4   Next: 22%
Magic:  4/4        EV:  7    Int:  8    God:
Gold:   32         SH:  8    Dex: 12    Spells: 3/3 levels left

rFire   . . .      SeeInvis .   a - +0 long sword
rCold   . . .      Faith    .   o - +0 kite shield
rNeg    . . .      Spirit   .   b - +0 scale mail
rPois   .          Reflect  .   (no helmet)
rElec   .          Harm     .   (no cloak)
rCorr   .          Rampage  .   (no gloves)
Will    .....                   x - +0 pair of boots
Stlth   ..........              (no amulet)
HPRegen 0.11/turn               f - ring of flight
MPRegen 0.09/turn               (no ring)

@: flying
A: no striking features
a: no special abilities


You were on level 3 of the Dungeon.
You visited 1 branch of the dungeon, and saw 3 of its levels.

You collected 95 gold pieces.
You spent 63 gold pieces at shops.

Inventory:

Hand Weapons
 a - a +0 long sword (weapon)
 c - a +0 short sword
 s - a +0 dagger
 t - a +0 dagger
 y - a +0 hand axe
 z - a +0 long sword
Missiles
 h - 7 stones (quivered)
Armour
 b - a +0 scale mail (worn)
 e - a +0 leather armour
 i - a +0 leather armour
 j - a +0 ring mail
 k - a +0 robe
 o - a +0 kite shield (worn)
 p - a +0 scale mail
 r - a +0 robe
 u - a +0 leather armour
 w - a +0 scale mail
 x - a +0 pair of boots (worn)
Jewellery
 f - a ring of flight (left hand)
Scrolls
 m - a scroll of blinking {unknown}
 n - 2 scrolls of identify {unknown}
 q - a scroll of silence {unknown}
Potions
 d - a potion of might
 g - a potion of curing {unknown}
 l - 2 potions of brilliance {unknown}
 v - 2 potions of heal wounds {unknown}


   Skills:
 * Level 3.4 Fighting
 * Level 2.4 Long Blades
 * Level 3.4 Armour
 * Level 3.7 Shields


You had 3 spell levels left.
You didn't know any spells.
Your spell library was empty.

Dungeon Overview and Level Annotations

Branches:
Dungeon (3/15)

Altars:

Shops:
D:2 [


Message History

The kobold hits you but does no damage. You block the orc's attack.
You hit the kobold.
The kobold is severely wounded.
The bat hits you but does no damage. The kobold hits you but does no damage.
You block the orc's attack. The bat hits you but does no damage.
The kobold closely misses you.
The hobgoblin hits you but does no damage.
The orc barely misses you. The bat closely misses you.
You block the kobold's attack.
The orc throws a boomerang.
The boomerang barely misses you.
You slash the bat!
You kill the bat!
The kobold hits you but does no damage.
The orc throws a boomerang.
You block the boomerang.
You slash the hobgoblin!
You kill the hobgoblin!
The kobold completely misses you.
The orc hits you from afar with a +0 trident.
* * * LOW HITPOINT WARNING * * *
The orc throws a boomerang.
You block the boomerang. The kobold barely misses you.
The kobold attacks as you move away! The kobold hits you but does no damage.
The kobold throws a stone.
You block the stone.
The kobold throws a stone.
The stone hits you but does no damage. The orc hits you with a +0 trident!
* * * LOW HITPOINT WARNING * * *
You slash the orc!
You kill the orc!
The kobold hits you but does no damage.
You hit the kobold.
The kobold is moderately wounded.
The kobold hits you but does no damage. The worm bites you but does no damage.
You slash the kobold!
You kill the kobold!
You block the worm's attack.
You barely miss the worm. The worm closely misses you.
You hit the worm.
The worm is moderately wounded.
The worm bites you.
You die...

############
########...........
#...........#######
#...........#
#.#...........#
#.#.@......##.# ###
#>+.w............ ...
#.#.).......#.### ###
##+##(..).......#...
.......†..###...#####
.....#....###...#
.....#............
.... #†).##########
.......†..#


You could see a worm.

Vanquished Creatures
  2 adders (D:2)
  6 orcs (D:3)
  6 ball pythons
  3 endoplasms (D:1)
  2 goblins
  3 hobgoblins
  A jackal (D:3)
  3 kobolds
  A quokka (D:1)
  4 bats
  A frilled lizard (D:3)
  A rat (D:1)
33 creatures vanquished.

Vanquished Creatures (others)
  3 plants (D:1)
3 creatures vanquished.

Grand Total: 36 creatures vanquished

Notes
Turn   | Place    | Note
-------+----------+-------------------------------------------
     0 | D:1      | Ast the Human Fighter began the quest for the Orb.
     0 | D:1      | Reached XP level 1. HP: 18/18 MP: 1/1
   249 | D:1      | Reached XP level 2. HP: 11/24 MP: 2/2
   544 | D:2      | Reached XP level 3. HP: 11/29 MP: 3/3
   578 | D:2      | Found Akiph's Armour Shop.
   980 | D:2      | Bought a +0 pair of boots for 63 gold pieces
  1067 | D:3      | Reached XP level 4. HP: 17/35 MP: 4/4
  1141 | D:3      | Slain by a worm

Illustrated notes

Levels and vault maps discovered:
D:1:      kilobyte_arrival_exit_the_forest, layout_rooms,
          minmay_misc_feat_columns, feat_on_display
D:2:      layout_rooms, serial_shops, shop, dreamdust_ecumenical_altar_statues,
          nicolae_titane
D:3:      layout_basic, yredelemnul_altar_generic,
          mainiacjoe_overflow_big_doors, grunt_decor_one_mirror,
          minmay_fractal_squares_diagonal_5

Action                   |  1- 3 |  4- 6 || total
-------------------------+-------+-------++-------
Melee: Long sword        |    90 |    17 ||   107
Armor: Scale mail        |    43 |    26 ||    69
Dodge: Dodged            |    26 |    15 ||    41
Block: Buckler           |     5 |       ||     5
       Kite shield       |    30 |    24 ||    54
